 Dungeon Crawl Stone Soup version 0.24-a0-489-g1c7b743a30 (webtiles) character file.

Game seed: 7773385138136410064

64 KristoblXynda the Slasher (level 3, -11/31 HPs)
             Began as a Draconian Gladiator on July 11, 2019.
             Mangled by a worm (12 damage)
             ... on level 2 of the Dungeon.
             The game lasted 00:01:35 (997 turns).

KristoblXynda the Slasher (Draconian Gladiator)      Turns: 997, Time: 00:01:35

Health: -11/31     AC:  5    Str: 16    XL:     3   Next: 91%
Magic:  3/3        EV: 13    Int:  9    God:
Gold:   61         SH:  0    Dex: 12    Spells: 2/2 levels left

rFire    . . .     SeeInvis .   a - +0 long sword
rCold    . . .     Gourm    .   (no shield)
rNeg     . . .     Faith    .   (armour unavailable)
rPois    .         Spirit   .   b - +0 hat
rElec    .         Reflect  .   (no cloak)
rCorr    .         Harm     .   (no gloves)
MR       .....                  (no boots)
Stlth    +.........             (no amulet)
HPRegen  0.10/turn              (no ring)
MPRegen  0.08/turn              (no ring)

@: no status effects
A: unfitting armour, cold-blooded, AC +5
a: no special abilities


You were on level 2 of the Dungeon.
You were not hungry.

You visited 1 branch of the dungeon, and saw 2 of its levels.

You collected 61 gold pieces.

Inventory:

Hand Weapons
 a - a +0 long sword (weapon)
Missiles
 c - 3 throwing nets (quivered)
Armour
 b - a +0 hat (worn)
Scrolls
 f - 3 scrolls of remove curse {unknown}
 i - a scroll of blinking {unknown}
 j - 3 scrolls of amnesia {unknown}
 l - a scroll of fear {unknown}
 m - a scroll of enchant weapon {unknown}
Potions
 e - a potion of agility {unknown}
 g - 2 potions of curing {unknown}
 h - a potion of brilliance {unknown}
 k - 2 potions of flight {unknown}
 n - a potion of degeneration {unknown}
Comestibles
 d - 5 rations
 o - a chunk of flesh


   Skills:
 + Level 3.0 Fighting
 * Level 3.9 Long Blades
 - Level 2.0 Throwing
 + Level 3.1 Dodging


You had 2 spell levels left.
You didn't know any spells.
Your spell library was empty.

Dungeon Overview and Level Annotations

Branches:
Dungeon (2/15)

Altars:
Uskayaw

Annotations:
D:2 Natasha


Innate Abilities, Weirdness & Mutations

Your plain brown scales are hard. (AC +5)
You cannot fit into any form of body armour.
You are cold-blooded and may be slowed by cold attacks.


Message History

* * * LOW HITPOINT WARNING * * *
You barely miss the worm. You tail-slap the worm.
The worm is heavily wounded.
The worm bites you!
* * * LOW HITPOINT WARNING * * *
An adder and a hobgoblin come into view.
The hobgoblin shouts!
Found a scroll labeled MEDATS VOLYCO and a green potion.
Found a stone staircase leading down.
Found 9 gold pieces.
You now have 61 gold pieces (gained 9).
A worm comes into view.
Natasha, Servant of Life and Death comes into view.
Natasha hisses angrily.
Natasha moves out of view.
Found a viscous sapphire potion.
Natasha claws you.
* * * LOW HITPOINT WARNING * * *
The worm bites you!
You die...

#####################
#>........g..........
#.###########@w....#
#.# ....... #h....!#
#.# ....... #......#
#g# ......S #......#
#.# ....... #......#
#.#w##.....?.
####...#
#.#....g..... ...+
#.#.##....... ...#
#.#.# .!.....


You could see a worm, Natasha and a hobgoblin.

Vanquished Creatures
  Jessica (D:2)
  A worm (D:2)
  2 dart slugs
  A leopard gecko (D:1)
  2 bats
  A giant cockroach (D:2)
  5 hobgoblins
  5 jackals
  6 frilled lizards
  2 kobolds (D:1)
  4 rats (D:1)
30 creatures vanquished.

Notes
Turn   | Place    | Note
-------+----------+-------------------------------------------
     0 | D:1      | KristoblXynda the Draconian Gladiator began the quest for
                  | the Orb.
     0 | D:1      | Reached XP level 1. HP: 17/17 MP: 1/1
   181 | D:1      | Reached XP level 2. HP: 20/25 MP: 2/2
   739 | D:2      | Reached XP level 3. HP: 24/30 MP: 3/3
   796 | D:2      | Noticed Jessica
   816 | D:2      | Found a hide-covered altar of Uskayaw.
   829 | D:2      | Killed Jessica
   994 | D:2      | Noticed Natasha
   997 | D:2      | HP: 1/31 [Natasha (4)]
   997 | D:2      | Mangled by a worm

Levels and vault maps discovered:
D:1:      ncdulo_wetmaze, layout_loops_cross, minmay_domino_4
D:2:      layout_basic, eat_drink_and_be_merry_uskayaw, uniq_natasha,
          uniq_jessica

Skill      XL: |  1  2  3 |
---------------+----------+-----
Throwing       | 2 |  2.0
Dodging        | 3 |  3.1
Fighting       | 3 |  3.0
Long Blades    | |  3.9

Action                   || total
-------------------------++-------
Melee: Long sword        ||    73
       Tailslap          ||    11
Armor: Skin              ||    24
Dodge: Dodged            ||    68
       Rpst.: Long sword ||    24

Table legend:
 A = Non-vault XP
 B = Vault XP
 C = Vault XP percentage of total XP
 D = Non-vault monster count
 E = Vault monster count
 F = Vault count percentage of total count
                 A         B        C        D         E       F
            +---------+---------+-------+---------+---------+-------
      Total |      53 |      39 |  42.4 |      27 |       3 |  10.0
            +---------+---------+-------+---------+---------+-------
        D:1 |      29 |       2 |   6.5 |      17 |       2 |  10.5
        D:2 |      24 |      37 |  60.7 |      10 |       1 |   9.1
            +---------+---------+-------+---------+---------+-------
